cohdb
Replays
Latest Replays
All Replays
Popular Replays
Top Player Replays
Match Explorer
How It Works
Community
CoH3 Stats
Reddit
Sign in to upload your games and track your stats! →
Sign in with Steam
Match 43258347
Unlisted
Match 43258347
Overview
Messages
Build Orders
End
Panzergrenadier Squad
250 Light Carrier
Panzergrenadier Squad
Panzergrenadier Squad
Construct Light Support Kompanie
2.5-tonne Medical Truck
Fire Support Elements
Vehicle Survival Package
Panzerjäger Squad
Construct Panzerarmee Kommand
Selects Panzerjäger Kommand Battlegroup
Selects Mine Fields
Selects Defensive Positions
Tungsten Core Ammunition
Selects Butterfly Bomb Drop
Panzer III L Medium Tank
Emergency Repair Kits
Panzer III L Medium Tank
Butterfly Bomb Drop
Selects Tank Busters
Panzerjäger Squad
Panzer III L Medium Tank
Selects Crew Shock Tactics
Advanced Optics
Armored Reserves
Veteran Squad Leaders
Rapid Advance
Advanced Field Repairs
Combat Half-tracks
zaro
聽取蛙聲一片
Dark Angels
Decoy
B1t
Pixel
SkyCurv
米浴
0
0
Comments
sign in to comment!
No comments posted yet!